 Dungeon Crawl Stone Soup version 0.23.2-40-g277498a001 (webtiles) character file.

Game seed: 10776838692497096515

462 Felnil the Skirmisher (level 6, -7/50 HPs)
             Began as a Mummy Fighter on Aug 25, 2019.
             Was a Believer of Ru.
             Mangled by Edmund
             ... wielding a +2 dire flail of crushing
              (13 damage)
             ... on level 5 of the Dungeon.
             The game lasted 00:09:31 (3339 turns).

Felnil the Skirmisher (Mummy Fighter)               Turns: 3339, Time: 00:09:32

Health: -7/50      AC:  8    Str: 21    XL:     6   Next: 79%
Magic:  6/6        EV:  7    Int:  7    God:    Ru [**....]
Gold:   264        SH:  9    Dex: 12    Spells: 5/5 levels left

rFire    . . .     SeeInvis .   a - +0 war axe
rCold    + . .     Gourm    .   c - +0 shield
rNeg     + + +     Faith    .   b - +0 scale mail
rPois    ∞         Spirit   .   (no helmet)
rElec    .         Reflect  .   j - +0 cloak
rCorr    .         Harm     .   (no gloves)
MR       .....                  m - +0 pair of boots
Stlth    ..........             (no amulet)
HPRegen  0.16/turn              f - ring of protection from fire
MPRegen  0.10/turn              (no ring)

@: no status effects
A: no food or potions, fire vulnerability, cold resistance 1, frail 1, negative
energy resistance 3, torment resistance, unbreathing
a: Renounce Religion


You were on level 5 of the Dungeon.
You worshipped Ru.
Ru was pleased with you.
You were not hungry.

You visited 1 branch of the dungeon, and saw 5 of its levels.

You collected 264 gold pieces.

Inventory:

Hand Weapons
 a - a +0 war axe (weapon)
 g - a +2 shortbow of freezing
Missiles
 l - 8 arrows
 p - an exploding tomahawk (quivered)
Armour
 b - a +0 scale mail (worn)
 c - a +0 shield (worn)
 j - a +0 cloak (worn)
 m - a +0 pair of boots (worn)
Jewellery
 f - a ring of protection from fire (left hand)
 n - an uncursed ring of ice
Wands
 o - a wand of disintegration (8)
Scrolls
 d - 6 scrolls of identify
 e - a scroll of magic mapping
 h - a scroll of remove curse
 i - 3 scrolls of immolation
 k - 2 scrolls of enchant weapon


   Skills:
 + Level 7.8 Fighting
 - Level 1.5 Axes
 - Level 2.4 Armour
 - Level 2.4 Shields


You had 5 spell levels left.
You didn't know any spells.
Your spell library was empty.

Dungeon Overview and Level Annotations

Branches:
Dungeon (5/15)             Temple (0/1) D:4

Altars:
Cheibriados
Dithmenos
Okawaru
Qazlal
Ru
Zin

Annotations:
D:5 Edmund


Innate Abilities, Weirdness & Mutations

You do not eat or drink.
Your flesh is vulnerable to fire.
You are immune to poison.
Your flesh is cold resistant. (rC+)
You are frail. (-10% HP)
You are immune to negative energy. (rN+++)
You are immune to unholy pain and torment.
You can survive without breathing.


Message History

You slash Edmund!
Edmund is severely wounded.
Edmund hits you but does no damage.
You slash Edmund!
Edmund is almost dead.
Edmund barely misses you.
Edmund is stunned by your will and fails to attack.
You hit Edmund but do no damage.
Edmund is almost dead.
Edmund hits you with a +2 dire flail of crushing!
* * * LOW HITPOINT WARNING * * *
x2 Your shield and scale mail prevent you from hitting Edmund.
Edmund is almost dead.
Edmund is stunned by your will and fails to attack.
Edmund hits you with a +2 dire flail of crushing.
* * * LOW HITPOINT WARNING * * *
x2 You barely miss Edmund.
Edmund is almost dead.
Edmund hits you with a +2 dire flail of crushing!
You die...

# #######.#
#.....#.#
#.......#
########@#
........@#
#######..# #..#
#..# #..#######
#........#
#########.######.#
.................
######.#######..


You could see Edmund.

Vanquished Creatures
  Sigmund (D:4)
  A centaur (D:5)
  A hound (D:4)
  Jessica (D:3)
  2 worker ants (D:4)
  3 adders
  A worm (D:2)
  2 dart slugs (D:1)
  3 leopard geckos
  8 orcs
  A ball python (D:1)
  8 bats
  4 giant cockroaches
  9 goblins
  5 hobgoblins
  11 jackals
  A quokka (D:3)
  5 frilled lizards
  10 kobolds
  8 rats
85 creatures vanquished.

Notes
Turn   | Place    | Note
-------+----------+-------------------------------------------
     0 | D:1      | Felnil the Mummy Fighter began the quest for the Orb.
     0 | D:1      | Reached XP level 1. HP: 18/18 MP: 1/1
    98 | D:1      | Reached XP level 2. HP: 22/24 MP: 2/2
   369 | D:1      | Reached skill level 4 in Fighting
   460 | D:1      | Reached XP level 3. HP: 30/30 MP: 3/3
   799 | D:2      | Found a snail-covered altar of Cheibriados.
   919 | D:2      | Found an iron altar of Okawaru.
  1316 | D:2      | Reached XP level 4. HP: 38/38 MP: 4/4
  1373 | D:3      | Found a shadowy altar of Dithmenos.
  1381 | D:3      | Reached skill level 5 in Fighting
  1404 | D:3      | Found a stormy altar of Qazlal.
  1610 | D:3      | Found a glowing silver altar of Zin.
  1628 | D:3      | Noticed Jessica
  1634 | D:3      | Killed Jessica
  1765 | D:3      | Found a faded altar of an unknown god.
  1898 | D:3      | Found a sacrificial altar of Ru.
  1922 | D:3      | Became a worshipper of Ru the Awakened
  2277 | D:4      | Found a staircase to the Ecumenical Temple.
  2409 | D:4      | Reached XP level 5. HP: 41/46 MP: 5/5
  2410 | D:4      | Reached skill level 6 in Fighting
  2709 | D:4      | Noticed Sigmund
  2725 | D:4      | Killed Sigmund
  2725 | D:4      | Reached skill level 7 in Fighting
  2725 | D:4      | Reached XP level 6. HP: 31/55 MP: 6/6
  2972 | D:5      | Entered Level 5 of the Dungeon
  3316 | D:5      | Gained mutation: You are frail. (-10% HP) [Ru sacrifice]
  3316 | D:5      | Reached * piety under Ru
  3316 | D:5      | Reached ** piety under Ru
  3324 | D:5      | Noticed Edmund
  3339 | D:5      | Mangled by Edmund

Skill      XL: |  1  2  3  4  5 |
---------------+----------------+-----
Fighting       | 4 5 7 |  7.8
Axes           | |  1.5
Armour         | |  2.4
Shields        | |  2.4

Action                   |  1- 3 |  4- 6 || total
-------------------------+-------+-------++-------
Melee: War axe           |   163 |   140 ||   303
Invok: Sacrifice Health  |       |     1 ||     1
  Use: Scroll            |       |     9 ||     9
Armor: Scale mail        |    84 |    71 ||   155
Dodge: Dodged            |    67 |    53 ||   120
Block: Shield            |    92 |    88 ||   180
